 Dungeon Crawl Stone Soup version 0.19-a0-517-gd6a9987 (webtiles) character file.

21352 Kidiri the Thaumaturge (level 12, -10/73 HPs)
             Began as a Deep Elf Fire Elementalist on June 6, 2016.
             Was a High Priest of Vehumet.
             Mangled by a blink frog (19 damage)
             ... on level 2 of the Lair of Beasts.
             The game lasted 01:05:54 (18309 turns).

Kidiri the Thaumaturge (DEFE)                      Turns: 18309, Time: 01:05:54

Health: -10/73     AC: 10    Str:  4 (5)  XL:     12   Next: 53%
Magic:  17/29      EV: 17    Int: 26      God:    Vehumet [*****.]
Gold:   760        SH:  7    Dex: 15      Spells: 9 memorised, 4 levels left

rFire  + . .     SeeInvis .     f - +5 dagger (venom)
rCold  . . .     Gourm    .     t - steam dragon hide
rNeg   . . .     Faith    .     K - +0 buckler
rPois  .         Spirit   .     g - +0 helmet
rElec  .         Dismiss  .     B - +1 cloak
rCorr  .         Reflect  .     I - +0 pair of gloves
SustAt .         Harm     .     i - +0 pair of boots
MR     +....                    x - amulet of regeneration
Stlth  ++........               n - ring of fire
                                a - ring of protection from cold

@: somewhat resistant to hostile enchantments, unstealthy
A: talons 2, large bone plates 1, blink, deterioration 1, regeneration 1, robust
1, no device heal 1
a: Blink, Renounce Religion


You were on level 2 of the Lair of Beasts.
You worshipped Vehumet.
Vehumet was extremely pleased with you.
You were not hungry.

You visited 3 branches of the dungeon, and saw 13 of its levels.

You collected 1000 gold pieces.
You spent 240 gold pieces at shops.

Inventory:

Hand Weapons
 f - a +5 dagger of venom (weapon)
Armour
 g - a +0 helmet (worn)
 i - a +0 pair of boots (worn)
 t - a steam dragon hide (worn)
 B - a +1 cloak (worn)
 I - a +0 pair of gloves (worn)
 K - a +0 buckler (worn)
Jewellery
 a - a ring of protection from cold (left hand)
 n - a ring of fire (right hand)
 x - an amulet of regeneration (around neck)
 D - a +1 ring of evasion
 G - an uncursed ring of poison resistance
Wands
 e - a wand of paralysis (12/24)
 M - a wand of iceblast (11/15)
Scrolls
 b - 3 scrolls of remove curse
 d - 5 scrolls of fog
 k - 2 scrolls of amnesia
 l - 2 scrolls of magic mapping
 w - a scroll of blinking
 y - 4 scrolls of recharging
 A - 3 scrolls of teleportation
 C - 3 scrolls of identify
Potions
 j - a potion of resistance
 m - a potion of cure mutation
 p - a potion of magic
 u - 4 potions of curing
 v - 4 potions of berserk rage
 z - a potion of agility
 E - 2 potions of heal wounds
 L - 4 potions of haste
Comestibles
 c - 4 bread rations
 h - 2 chunks of flesh
 o - 7 fruits
 r - 6 meat rations


   Skills:
 + Level 4.3 Fighting
 + Level 5.8 Short Blades
 + Level 4.3 Armour
 + Level 7.6 Dodging
 - Level 2.4 Stealth
 + Level 3.3 Shields
 * Level 11.2 Spellcasting
 * Level 10.1 Conjurations
 * Level 10.0 Fire Magic
 + Level 3.1 Ice Magic
 * Level 4.8 Air Magic
 + Level 2.2 Earth Magic
 + Level 6.1 Evocations


You had 4 spell levels left.
You knew the following spells:

 Your Spells              Type           Power        Failure   Level  Hunger
a - Flame Tongue          Conj/Fire      #####        1%          1    None
b - Throw Flame           Conj/Fire      ######       1%          2    None
c - Conjure Flame         Conj/Fire      #######.     1%          3    None
d - Inner Flame           Hex/Fire       ######..     1%          3    None
e - Sticky Flame          Conj/Fire      #######.     1%          4    None
f - Fireball              Conj/Fire      #######...   1%          5    ###....
g - Bolt of Magma         Conj/Fire/Erth ######....   2%          5    ###....
h - Throw Frost           Conj/Ice       #####.       1%          2    None
i - Airstrike             Air            #####.....   2%          4    None


Dungeon Overview and Level Annotations

Branches:
Dungeon (10/15)            Temple (1/1) D:7            Lair (2/8) D:10
    Orc (0/2) D:10

Altars:
Ashenzari
Cheibriados
Dithmenos
Elyvilon
Fedhas
Gozag
Hepliaklqana
Kikubaaqudgha
Makhleb
Nemelex Xobeh
Okawaru
Pakellas
Qazlal
Ru
Sif Muna
Trog
Uskayaw
Vehumet
Xom
Yredelemnul
Zin
The Shining One
Beogh

Shops:
D:9 *?


Innate Abilities, Weirdness & Mutations

You have razor-sharp toenails.
You are partially covered in large bone plates. (AC +2, SH +2)
You can translocate small distances at will.
Your body sometimes deteriorates upon taking damage.
Your natural rate of healing is unusually fast.
You are robust. (+10% HP)
Potions and wands are less effective at restoring your health.


Message History

Aim: a blink frog You feel a surge of power!
The sticky flame hits the blink frog.
The blink frog is heavily wounded.
The blink frog is covered in liquid flames!
The blink frog burns!
The blink frog hits you!! The blink frog closely misses you.
Unknown command.
Casting: Sticky Flame
Confirm with . or Enter, or press ? or * to list all spells.
Aiming: Sticky Flame
Press: ? - help, Shift-Dir - straight line, f - blink frog, p - blink frog
Aim: a blink frog You feel a surge of power!
The sticky flame hits the blink frog.
The blink frog is moderately wounded.
The blink frog is covered in liquid flames!
The blink frog burns! x2; The blink frog barely misses you.
The blink frog hits you!
* * * LOW HITPOINT WARNING * * *
The blink frog hits you!!
You die...

........P#...........#
........###.##...##..# ###
.......#.##..#.###..## ##.#
....#...## #.......## ###
###.## ..###...P#
##.....#####.####..... .##
###..##
###'####..P.....##... .#
#....#####.P#.........###...
## #.#....#.P...........##
##.. ##
##.........@F.........# #P.
.# ##.........F.P.......#
##. ##
#.......####PF.......# #.
#### ##...###.# ##........#
#.. ...###....## ##
##.......# #.. ..........#
.b....... #P. .........#.
..... ##. ..........# .. #..
..#..P..... ...


You could see 3 blink frogs.

Vanquished Creatures
  The ghost of epen the Covert, a journeyman KoEn of Dithmenos (Lair:1)
  Harold (Lair:2)
  An ice dragon (D:10)
  A centaur warrior (D:9)
  Sonja (Lair:2)
  2 hill giants (D:10)
  An orc knight (D:10)
  An oklob plant (D:10)
  4 elephants (Lair:2)
  A black mamba (Lair:1)
  Psyche (D:8)
  2 spiny frogs (Lair:1)
  A rime drake (Lair:2)
  2 komodo dragons (Lair:1)
  A two-headed ogre (D:10)
  A troll (D:9)
  5 blink frogs
  A basilisk (Lair:2)
  A wraith (D:10)
  Grum (D:10)
  A steam dragon (D:3)
  2 hippogriffs
  2 hungry ghosts (D:8)
  Eustachio (D:6)
  4 water moccasins
  A soldier ant (D:10)
  3 porcupines
  Duvessa (D:6)
  A swamp drake (D:3)
  5 sky beasts
  4 ice beasts
  10 orc warriors
  A black bear (D:9)
  A wasp (D:9)
  2 phantoms
  6 necrophages
  19 wolves
  4 ogres
  6 centaurs
  3 crocodiles
  5 giant frogs
  5 scorpions
  A wyvern skeleton (D:9)
  Dowan (D:6)
  10 killer bees
  12 wights
  A howler monkey (D:10)
  An electric eel (D:10)
  3 crimson imps
  3 centaur zombies
  8 jellies
  2 giant frog skeletons
  13 orc priests
  A giant frog zombie (D:7)
  A gnoll shaman (D:9)
  6 hounds
  12 orc wizards
  A centaur skeleton (D:6)
  Terence (D:2)
  2 iguanas
  8 worker ants
  12 sheep
  A howler monkey zombie (D:6)
  3 worker ant zombies (D:6)
  Robin (D:2)
  5 gnolls
  9 river rats (Lair:1)
  15 adders
  4 shadow imps
  11 oozes
  3 adder zombies
  An adder skeleton (D:6)
  A worm (D:2)
  4 dart slugs
  8 giant geckos
  64 orcs
  5 bats
  6 giant cockroaches
  15 goblins
  6 hobgoblins
  30 jackals
  7 kobolds
  2 quokkas (D:10)
  5 ball pythons
  6 giant newts
  A jackal zombie (D:5)
  A quokka zombie (D:5)
  7 rats
  5 bushes (D:6)
  3 plants
445 creatures vanquished.

Vanquished Creatures (others)
  A goblin (D:3)
  6 plants
7 creatures vanquished.

Grand Total: 452 creatures vanquished

Notes
Turn   | Place    | Note
--------------------------------------------------------------
     0 | D:1      | Kidiri the Deep Elf Fire Elementalist began the quest for the Orb.
     0 | D:1      | Reached XP level 1. HP: 10/10 MP: 6/6
   375 | D:1      | Reached XP level 2. HP: 15/15 MP: 2/8
   379 | D:1      | Learned a level 2 spell: Throw Flame
  1103 | D:1      | Reached XP level 3. HP: 19/19 MP: 7/10
  1109 | D:1      | Learned a level 3 spell: Conjure Flame
  1113 | D:1      | Learned a level 3 spell: Inner Flame
  1600 | D:1      | Reached skill level 4 in Spellcasting
  1842 | D:2      | Noticed Robin
  2226 | D:2      | Killed Robin
  2226 | D:2      | Reached XP level 4. HP: 24/24 MP: 4/12
  2336 | D:2      | Noticed Terence
  2344 | D:2      | Killed Terence
  2537 | D:2      | Gained mutation: You are robust. (+10% HP) [potion of mutation]
  2537 | D:2      | Gained mutation: You have sharp toenails. [potion of mutation]
  2537 | D:2      | Gained mutation: Your natural rate of healing is unusually fast. [potion of mutation]
  2836 | D:2      | Reached XP level 5. HP: 30/30 MP: 1/14
  2942 | D:2      | Learned a level 4 spell: Sticky Flame
  2943 | D:2      | Found a shimmering altar of Xom.
  3073 | D:2      | Reached skill level 5 in Spellcasting
  3710 | D:3      | Noticed a steam dragon
  3841 | D:3      | Killed a steam dragon
  3841 | D:3      | Reached skill level 5 in Fire Magic
  3841 | D:3      | Reached XP level 6. HP: 5/35 MP: 7/16
  3971 | D:3      | Noticed a swamp drake
  3971 | D:3      | an orc priest changed into a swamp drake
  4094 | D:3      | Killed a swamp drake
  4094 | D:3      | Reached skill level 6 in Spellcasting
  4431 | D:3      | Found a sacrificial altar of Ru.
  4729 | D:4      | Found a shattered altar of Ashenzari.
  4734 | D:4      | Reached XP level 7. HP: 39/39 MP: 12/18
  4786 | D:4      | Learned a level 5 spell: Fireball
  5133 | D:4      | Reached skill level 1 in Short Blades
  5167 | D:4      | Reached skill level 1 in Evocations
  5173 | D:4      | Reached skill level 1 in Armour
  5843 | D:5      | Entered Level 5 of the Dungeon
  5932 | D:5      | Reached skill level 1 in Fighting
  5932 | D:5      | Reached skill level 5 in Conjurations
  5957 | D:5      | Found an iron altar of Okawaru.
  6097 | D:5      | Found an opulent altar of Gozag.
  6105 | D:5      | Found a hazy altar of Hepliaklqana.
  6106 | D:5      | Found a blossoming altar of Fedhas.
  6107 | D:5      | Found a glowing golden altar of the Shining One.
  6116 | D:5      | Found a sparkling altar of Nemelex Xobeh.
  6224 | D:5      | Reached XP level 8. HP: 47/47 MP: 13/20
  6228 | D:5      | Gained mutation: You are partially covered in large bone plates. (AC +2, SH +2) [mutagenic meat]
  6229 | D:5      | Gained mutation: Your mind is acute. (Int +2) [mutagenic meat]
  6231 | D:5      | Gained mutation: Potions and wands are less effective at restoring your health. [mutagenic meat]
  6232 | D:5      | Gained mutation: Your body sometimes deteriorates upon taking damage. [mutagenic meat]
  6719 | D:5      | Found an oddly glowing altar of Pakellas.
  6955 | D:5      | Reached skill level 7 in Spellcasting
  6965 | D:5      | Gained mutation: You can translocate small distances at will. [mutagenic meat]
  7417 | D:6      | Noticed Duvessa
  7423 | D:6      | Noticed Dowan
  7434 | D:6      | Killed Dowan
  7435 | D:6      | Killed Duvessa
  7764 | D:6      | Reached XP level 9. HP: 23/52 MP: 12/22
  7916 | D:6      | Reached skill level 8 in Spellcasting
  8039 | D:6      | Found a blossoming altar of Fedhas.
  8168 | D:6      | Noticed Eustachio
  8609 | D:6      | Killed Eustachio
  8866 | D:6      | Reached skill level 5 in Dodging
 10039 | D:7      | Found a staircase to the Ecumenical Temple.
 10044 | Temple   | Entered the Ecumenical Temple
 10062 | Temple   | Became a worshipper of Vehumet
 10364 | D:7      | Found an iron altar of Okawaru.
 10610 | D:7      | Reached XP level 10. HP: 57/57 MP: 18/24
 10827 | D:7      | Reached skill level 9 in Spellcasting
 11334 | D:8      | Reached * piety under Vehumet
 11334 | D:8      | Offered knowledge of Sting by Vehumet.
 11498 | D:8      | Found a shadowy altar of Dithmenos.
 11547 | D:8      | Noticed Psyche
 11557 | D:8      | Killed Psyche
 11638 | D:8      | Reached skill level 1 in Shields
 12441 | D:9      | Reached ** piety under Vehumet
 12441 | D:9      | Offered knowledge of Shock by Vehumet.
 12472 | D:9      | Noticed a centaur warrior
 12485 | D:9      | Killed a centaur warrior
 12722 | D:9      | Learned a level 1 spell: Shock
 12737 | D:9      | Gained mutation: You have razor-sharp toenails. [potion of beneficial mutation]
 12847 | D:9      | Found Etecouf's Magic Scroll Emporium.
 12887 | D:9      | Bought a scroll of enchant weapon for 120 gold pieces
 12887 | D:9      | Bought a scroll of enchant weapon for 120 gold pieces
 13151 | D:9      | Found a hide-covered altar of Uskayaw.
 13176 | D:9      | Reached skill level 10 in Spellcasting
 13226 | D:9      | Reached skill level 1 in Air Magic
 13273 | D:9      | Found Siduotor's Superlative Supplies.
 13283 | D:9      | Reached XP level 11. HP: 64/64 MP: 17/27
 13442 | D:9      | Lost mutation: Your mind is acute. (Int +2) [mutagenic meat]
 13533 | D:10     | Entered Level 10 of the Dungeon
 13560 | D:10     | Noticed an orc knight
 13564 | D:10     | Offered knowledge of Throw Frost by Vehumet.
 13566 | D:10     | Reached *** piety under Vehumet
 13569 | D:10     | Killed an orc knight
 13724 | D:9      | Learned a level 2 spell: Throw Frost
 13730 | D:10     | Reached skill level 5 in Evocations
 13739 | D:10     | Found a roughly hewn altar of Beogh.
 13744 | D:10     | Found a staircase to the Orcish Mines.
 13913 | D:10     | Noticed an oklob plant
 13933 | D:10     | Found a deep blue altar of Sif Muna.
 14060 | D:10     | Noticed a hill giant
 14071 | D:10     | Killed a hill giant
 14198 | D:10     | Offered knowledge of Airstrike by Vehumet.
 14204 | D:10     | Learned a level 4 spell: Airstrike
 14375 | D:10     | Found a staircase to the Lair.
 14452 | D:10     | Noticed Grum
 14458 | D:10     | Killed Grum
 14495 | D:10     | Reached skill level 5 in Short Blades
 14576 | D:10     | Noticed a hill giant
 14583 | D:10     | Killed a hill giant
 15002 | D:10     | Noticed an ice dragon
 15003 | D:10     | HP: 2/64 [ice dragon/blast of cold (54)]
 15361 | D:10     | Killed an ice dragon
 15361 | D:10     | Reached skill level 1 in Ice Magic
 15610 | D:10     | Killed an oklob plant
 15857 | Lair:1   | Entered Level 1 of the Lair of Beasts
 15881 | Lair:1   | Noticed epen's ghost (journeyman KoEn)
 15901 | Lair:1   | Killed epen's ghost
 15989 | Lair:1   | Reached **** piety under Vehumet
 16284 | Lair:1   | Offered knowledge of Bolt of Magma by Vehumet.
 16351 | Lair:1   | Learned a level 5 spell: Bolt of Magma
 16408 | Lair:1   | Reached skill level 11 in Spellcasting
 16412 | Lair:1   | Reached XP level 12. HP: 62/72 MP: 14/29
 17456 | Lair:2   | Reached skill level 1 in Earth Magic
 17685 | Lair:2   | Noticed Sonja
 17686 | Lair:2   | Killed Sonja
 17844 | Lair:2   | Reached ***** piety under Vehumet
 17888 | Lair:2   | Offered knowledge of Venom Bolt by Vehumet.
 17950 | Lair:2   | Reached skill level 10 in Conjurations
 18144 | Lair:2   | Noticed Harold
 18147 | Lair:2   | Killed Harold
 18147 | Lair:2   | Reached skill level 10 in Fire Magic
 18309 | Lair:2   | Mangled by a blink frog

Vault maps used:
D:1:      dpeg_arrival_erosion, serial_glass, glass_columns_a, glass_columns_a
D:2:      tgw_xom, first_bread, minmay_tree_intersection, uniq_terence,
          uniq_robin
D:3:      nicolae_ru_awakened_eye
D:4:      wad_pebble_path, evilmike_ruin_ashenzari
D:5:      marbit_many_paths, minitemple, kennysheep_okawaru_gauntlet
D:6:      fedhas_altar_decomposition, uniq_eustachio, uniq_duvessa
D:7:      kennysheep_mini, temple_doors_d, serial_glass, glass_columns_a,
          glass_columns_c, glass_columns_a, glass_columns_c,
          kennysheep_generic_room_10
D:8:      nicolae_dithmenos_through_a_glass_darkly,
          hangedman_little_slice_of_home, uniq_psyche
D:9:      hangedman_cross_stitches, nicolae_overflow_crystal_walls,
          serial_shops, shop, nicolae_alphabet_shops
D:10:     dragon1_lemuel, lair_0_dummy, david_orc_5, minmay_misc_feat_encased,
          grunt_ministairs_3, lemuel_oklob_altar, uniq_grum
Temple:   triangle_lava_temple_10
Lair:1:   serial_bayou_shore_b
Lair:2:   bh_autumn_forest_stairs, grunt_megastairs_2, lemuel_fruit_fields,
          uniq_harold, uniq_sonja

Skill      XL: |  1  2  3  4  5  6  7  8  9 10 11 12 |
---------------+-------------------------------------+-----
Conjurations   | 2 3 4 5 6 7 8 9 10 | 10.1
Spellcasting   | 4 5 6 7 8 10 11 | 11.2
Fire Magic     | 4 5 6 7 8 9 10 | 10.0
Short Blades   | 1 2 3 4 5 |  5.8
Evocations     | 1 2 3 4 5 6 |  6.1
Armour         | 1 2 3 4 |  4.3
Fighting       | 1 2 3 4 |  4.3
Dodging        | 3 4 5 6 7 |  7.6
Shields        | 2 3 |  3.3
Air Magic      | 1 3 4 |  4.8
Ice Magic      | 2 3 |  3.1
Earth Magic    | 2 |  2.2
Stealth        | |  2.4

Action                   |  1- 3 |  4- 6 |  7- 9 | 10-12 || total
-------------------------+-------+-------+-------+-------++-------
Melee: Unarmed           |     9 |       |       |       ||     9
       Club              |     7 |       |       |       ||     7
       Dagger            |    10 |    26 |    53 |   183 ||   272
       Whip              |     6 |       |       |       ||     6
 Cast: Flame Tongue      |    58 |    86 |   200 |   309 ||   653
       Throw Flame       |    15 |    30 |    59 |    49 ||   153
       Conjure Flame     |     1 |     1 |     7 |    13 ||    22
       Inner Flame       |     1 |     1 |     5 |    10 ||    17
       Sticky Flame      |       |     2 |    17 |    40 ||    59
       Fireball          |       |       |     4 |    12 ||    16
       Bolt of Magma     |       |       |       |    14 ||    14
Evoke: Wand              |       |     1 |       |       ||     1
  Use: Potion            |     1 |     3 |       |     3 ||     7
       Scroll            |       |    14 |     5 |    11 ||    30
 Stab: Sleeping          |     2 |     1 |       |     5 ||     8
  Eat: Chunk             |     4 |     9 |    24 |     3 ||    40
       Fruit             |       |       |     2 |     2 ||     4
       Pizza             |       |       |     1 |     1 ||     2
       Beef jerky        |       |       |     1 |     1 ||     2
       Royal jelly       |       |       |       |    10 ||    10
Armor: Robe              |    19 |    10 |    25 |    37 ||    91
       Steam dragon hide |       |       |       |    13 ||    13
Dodge: Dodged            |    56 |    51 |   107 |   199 ||   413
Block: Other             |       |       |    13 |     1 ||    14
       Buckler           |       |       |       |    63 ||    63
